AoeStats
← Sebgir

Migration

506166807Analyzed
1v1 RM · 20d ago on Sep 12, 2026· 55m 2s· 2 players
Game mode
Random Map
Map size
132×132
Population
200
Speed
Normal
Resources
Standard
Victory
Conquest
Starting age
Dark Age
Ending age
Imperial Age
RankedLock teamsTeams togetherTeam positionsShared explorationLock speedFull tech treeHidden civsTurbo modeCheats
Victory
Defeat
🇫🇷 Britons · France
484
+16
🇪🇸 Vikings · Spain
491
-16
Sebgir
12:04 Feudal Age
13:18 Double-Bit Axe
13:15 Horse Collar
14:21 Wheelbarrow
14:26 Wheelbarrow
15:53 Stone Mining
15:55 Gold Mining
23:58 Castle Age
26:38 Forging
26:18 Fletching
26:42 Bow Saw
26:35 Heavy Plow
28:02 Scale Barding Armor
27:53 Bodkin Arrow
28:34 Iron Casting
29:53 Hand Cart
35:58 Imperial Age
34:05 Town Watch
35:09 Gold Shaft Mining
34:58 Medium Warships
35:02 Careening
34:51 Murder Holes
34:38 Treadmill Crane
37:10 Conscription
38:05 Husbandry
38:08 Squires
37:28 Pikeman
39:59 Yeomen
41:21 Chemistry
41:47 Ballistics
41:40 Masonry
41:34 Padded Archer Armor
42:40 Cavalier
45:03 Bracer
45:19 Clinker Construction
51:02 Heavy Warships
53:45 Town Patrol
55:35 Warwolf
jmsuarezm1980
12:27 Feudal Age
12:58 Double-Bit Axe
12:55 Horse Collar
14:43 Fishing Lines
15:04 Gold Mining
21:44 Castle Age
20:16 Town Watch
22:25 Heavy Plow
22:38 Bow Saw
22:14 Man-at-Arms
22:40 Gambesons
22:42 Arson
23:33 Squires
23:28 Stone Mining
24:24 Treadmill Crane
25:23 Medium Warships
25:13 Gillnets
30:25 Imperial Age
29:39 Gold Shaft Mining
30:19 Town Patrol
30:26 Fletching
31:40 Crop Rotation
32:15 Two-Man Saw
33:07 Chemistry
32:16 Siphons
32:07 Murder Holes
32:13 Long Swordsman
34:08 Heavy Warships
35:40 Clinker Construction
37:08 Conscription
37:57 Two-Handed Swordsman
37:59 Capped Ram
39:12 Forging
39:03 Scale Mail Armor
41:42 Siege Ram
42:59 Chieftains
42:31 Pikeman
45:26 Elite Longship
45:28 Elite Cannon Galleon
Connection lost

Rejoining the realm…

Still unreachable

The connection could not be restored.

Session expired

The server has moved on; the page needs a fresh start.